 Dungeon Crawl Stone Soup version 0.17.2-1-ge4368a0 (webtiles) character file.

585 Goblin1989 the Insei (level 7, 0/52 HPs)
             Began as a Demonspawn Monk on May 3, 2017.
             Was a Believer of Okawaru.
             Slain by Grinder (2 damage)
             ... on level 4 of the Dungeon.
             The game lasted 00:13:44 (3130 turns).

Goblin1989 the Insei (Demonspawn Monk)              Turns: 3130, Time: 00:13:45

Health: 0/52       AC:  0    Str: 13    XL:     7   Next: 15%
Magic:  7/7        EV: 15    Int: 11    God:    Okawaru [**....]
Gold:   214        SH:  0    Dex: 16    Spells: 0 memorised, 6 levels left

rFire  . . .     SeeInvis .       - Unarmed
rCold  . . .     Clarity  .     (armour currently unavailable)
rNeg   . . .     SustAt   .     (shield currently unavailable)
rPois  .         Gourm    .     (helmet currently unavailable)
rElec  .         Spirit   .     (cloak currently unavailable)
rCorr  .         Warding  .     (gloves currently unavailable)
rMut   .         Stasis   .     (boots currently unavailable)
MR     .....                    (no amulet)
Stlth  ++........               (ring currently unavailable)
                                (ring currently unavailable)

@: pig-form, drained, very quick, not resistant to hostile enchantments,
unstealthy
A: (talons 0), (molten scales 0), powered by death 2, rot immunity
a: Heroism, Renounce Religion


You were on level 4 of the Dungeon.
You worshipped Okawaru.
Okawaru was pleased with you.
You were hungry.
You were a filthy swine.
You visited 1 branch of the dungeon, and saw 4 of its levels.
You also visited: Sewer.

You collected 214 gold pieces.

Inventory:

Hand Weapons
 t - a +0 war axe (melded)
 w - a +0 blowgun {@w1}
Missiles
 a - 17 poisoned needles
 g - 7 curare-tipped needles
Armour
 f - a +0 chain mail
 h - a +0 ring mail (melded)
 o - a +0 helmet (melded)
 s - a +0 pair of boots (melded)
 u - a +0 scale mail
Scrolls
 b - a scroll of recharging {unknown}
 c - 3 scrolls of teleportation {unknown}
 k - 4 scrolls of remove curse {unknown}
 l - a scroll of enchant weapon {unknown}
 m - 2 scrolls of noise {unknown}
 n - 2 scrolls of identify {unknown}
Potions
 d - a potion of flight {unknown}
 i - a potion of heal wounds {unknown}
 j - a potion of haste {unknown}
 p - a potion of berserk rage {unknown}
 r - 2 potions of degeneration {unknown}
Comestibles
 e - 3 bread rations {@e1}
 q - a royal jelly


   Skills:
 + Level 3.3(3.0) Fighting
 * Level 0.0 Axes
 + Level 0.0 Armour
 - Level 2.6(2.4) Dodging
 - Level 1.7(1.5) Stealth
 - Level 7.8(7.5) Unarmed Combat


You had 6 spell levels left.
You didn't know any spells.

Dungeon Overview and Level Annotations

Branches:
Dungeon (4/15)
 Temple: D:4-7

Altars:
Elyvilon
Okawaru

Annotations:
D:4 Dowan, Duvessa, Grinder


Innate Abilities, Weirdness & Mutations

((You have sharp toenails.))
((You are partially covered in molten scales (AC +1).))
You regenerate health from kills.
You are immune to rotting.


Message History

Duvessa closely misses you.
Grinder gestures.
Grinder blinks!
You take 3 damage, and have 48/52 hp.
You hit Dowan.
Dowan is lightly wounded.
You hit Duvessa but do no damage.
Duvessa is lightly wounded.
Duvessa barely misses you. Dowan hits you but does no damage.
Grinder says, "I used to sell toenails on the black market."
Duvessa gestures with her weapon.
Duvessa hits you but does no damage. Dowan hits you but does no damage.
You barely miss Dowan.
Dowan is lightly wounded.
You closely miss Duvessa.
Duvessa is lightly wounded.
Duvessa hits you with a rapier.
Grinder zaps a wand.
You resist with some effort.
It is a wand of polymorph.
Dowan says, "Magic and the sword, together, will defeat you."
Dowan hits you but does no damage. Duvessa hits you but does no damage.
You take 1 damage, and have 48/52 hp.
You hit Dowan.
Dowan is moderately wounded.
You hit Duvessa.
Duvessa is moderately wounded.
Duvessa hits you with a rapier.
Grinder zaps a wand.
You resist with some effort.
Dowan points at you and mumbles some strange words.
The puff of frost hits you! Duvessa closely misses you.
Dowan closely misses you.
You take 10 damage, and have 38/52 hp.
Unknown command.
You hit Dowan but do no damage.
Dowan is moderately wounded.
You barely miss Grinder.
Your ring mail prevents you from hitting Duvessa.
Duvessa is moderately wounded.
Duvessa hits you but does no damage. Grinder barely misses you.
Dowan casts a spell at you. The puff of flame hits you!
Duvessa hits you but does no damage.
Grinder says, "What is the universe for?"
Grinder gestures.
Grinder blinks!
You take 4 damage, and have 34/52 hp.
Unknown command.
You completely miss Duvessa.
Duvessa is moderately wounded.
You slash Dowan!
Dowan is severely wounded.
Duvessa hits you but does no damage. Dowan barely misses you.
Grinder zaps a wand.
You resist with some effort. Duvessa closely misses you.
Dowan hits you but does no damage.
You closely miss Duvessa.
Duvessa is moderately wounded.
Your ring mail prevents you from hitting Dowan.
Dowan is severely wounded.
Duvessa closely misses you. Duvessa barely misses you. Dowan misses you.
Grinder gestures at you. Pain shoots through your body!
You take 2 damage, and have 33/52 hp.
You hit Duvessa but do no damage.
Duvessa is moderately wounded.
You hit Dowan.
Dowan is almost dead.
Duvessa hits you with a rapier. Dowan hits you with a dagger.
Duvessa hits you with a rapier!
* * * LOW HITPOINT WARNING * * *
Grinder says, "Don't move a muscle."
Dowan casts a spell at you. You resist with some effort.
You take 11 damage, and have 22/52 hp.
MASSIVE DAMAGE!!
You hit Duvessa but do no damage.
Duvessa is moderately wounded.
You hit Dowan.
Dowan is almost dead.
Duvessa hits you with a rapier.
* * * LOW HITPOINT WARNING * * *
Grinder says, "Are you a fish?" Duvessa hits you with a rapier.
* * * LOW HITPOINT WARNING * * *
Dowan closely misses you.
You take 7 damage, and have 15/52 hp.
You hit Duvessa but do no damage.
Duvessa is moderately wounded.
You closely miss Dowan.
Dowan is almost dead.
You barely miss Grinder. Duvessa hits you but does no damage.
Grinder zaps a wand.
You turn into a filthy swine.
Your +0 war axe melds into your body.
Your +0 helmet melds into your body.
Your +0 pair of boots melds into your body.
Your +0 ring mail melds into your body.
Dowan misses you. Duvessa hits you with a rapier!
* * * LOW HITPOINT WARNING * * *
Grinder barely misses you. Dowan hits you with a dagger.
* * * LOW HITPOINT WARNING * * *
You take 13 damage, and have 2/52 hp.
MASSIVE DAMAGE!!
You bite Grinder!
Grinder is moderately wounded.
Duvessa closely misses you. Grinder hits you.
You die... .. .█ ██. ... .<..... █.█ ...█.. █.█ ...... ███5█████

...█.█ █..he...█
█.██.███.█e█......
█.██.█...........██.███
█.██.█.█.█.█.█.████...█
█ █.██.....█.█.█.█
█.█.█
█.████..........█.█.█
█.█.█
█.█.███.......███.█.█
█...█
█.........[....█....█
█..█
███..██>█....█......█
█.<█


You could see Grinder, Duvessa and Dowan.

Vanquished Creatures
  Menkaure (D:4)
  The ghost of Alipheese the Chopper, an amateur NaFi (D:4)
  A crocodile (Sewer)
  Blork the orc (D:4)
  An orc priest (D:3)
  2 hounds (D:2)
  Natasha (twice) (D:3)
  Robin (D:2)
  A gnoll (D:2)
  3 adders
  A worm (D:2)
  4 giant geckos
  4 orcs (D:3)
  14 bats
  2 giant cockroaches (D:1)
  4 hobgoblins
  3 kobolds
  3 quokkas
  2 ball pythons
  2 giant newts
  8 goblins
  5 rats
66 creatures vanquished.

Notes
Turn   | Place    | Note
--------------------------------------------------------------
     0 | D:1      | Goblin1989 the Demonspawn Monk began the quest for the Orb.
     0 | D:1      | Reached XP level 1. HP: 18/18 MP: 1/1
     6 | D:1      | Noticed an iguana
     6 | D:1      | Noticed a lindwurm
     7 | D:1      | Noticed a seven-headed hydra
     7 | D:1      | Noticed a salamander
   614 | D:1      | Reached skill level 4 in Unarmed Combat
   793 | D:1      | Gained mutation: You are partially covered in molten scales (AC +1). [demonic ancestry]
   793 | D:1      | Reached XP level 2. HP: 24/24 MP: 2/2
  1029 | D:2      | Gained mutation: You regenerate a little health from kills. [demonic ancestry]
  1029 | D:2      | Reached XP level 3. HP: 10/29 MP: 3/3
  1035 | D:2      | Reached skill level 5 in Unarmed Combat
  1035 | D:2      | Reached XP level 4. HP: 8/35 MP: 4/4
  1385 | D:2      | Noticed Robin
  1419 | D:2      | Killed Robin
  1988 | D:3      | Gained mutation: You regenerate health from kills. [demonic ancestry]
  1988 | D:3      | Reached XP level 5. HP: 39/41 MP: 5/5
  1996 | D:3      | Found a glowing drain.
  2000 | Sewer    | Entered a sewer
  2068 | Sewer    | Reached skill level 6 in Unarmed Combat
  2187 | D:3      | Noticed Natasha
  2198 | D:3      | Killed Natasha
  2424 | D:3      | Noticed Natasha
  2425 | D:3      | Found a white marble altar of Elyvilon.
  2428 | D:3      | Killed Natasha
  2573 | D:3      | Found an iron altar of Okawaru.
  2581 | D:3      | Became a worshipper of Warmaster Okawaru
  2581 | D:3      | Reached * piety under Okawaru
  2581 | D:3      | Reached ** piety under Okawaru
  2684 | D:3      | Gained mutation: You are immune to rotting. [demonic ancestry]
  2684 | D:3      | Reached XP level 6. HP: 47/47 MP: 6/6
  2865 | D:4      | Noticed Menkaure
  2875 | D:4      | Killed Menkaure
  2875 | D:4      | Reached skill level 7 in Unarmed Combat
  2892 | D:4      | Noticed Alipheese's ghost (amateur NaFi)
  2895 | D:4      | Noticed Blork the orc
  2902 | D:4      | Killed Alipheese's ghost
  2910 | D:4      | Killed Blork the orc
  2910 | D:4      | Gained mutation: You have sharp toenails. [demonic ancestry]
  2910 | D:4      | Reached XP level 7. HP: 40/52 MP: 5/7
  3115 | D:4      | Noticed Dowan
  3115 | D:4      | Noticed Duvessa
  3117 | D:4      | Noticed Grinder
  3129 | D:4      | HP: 2/52 [Dowan/dagger (2)]
  3130 | D:4      | Slain by Grinder

Action                   |  1- 3 |  4- 6 |  7- 9 || total
-------------------------+-------+-------+-------++-------
Melee: Unarmed           |    66 |   186 |    24 ||   276
       War axe           |       |       |    11 ||    11
Invok: Heroism           |       |     2 |     1 ||     3
  Use: Potion            |     1 |       |       ||     1
 Stab: Sleeping          |     2 |     1 |       ||     3
  Eat: Chunk             |       |     7 |       ||     7

Vault maps used:
D:1:      onia_arrival_zoo_common, serial_park_tiny_1
D:2:      grunt_ministairs_13, cheibrodos_gnoll_hut, uniq_robin
D:3:      elyvilon_altar_1, lemuel_coloured_pillars_altar, gup_sewer_entry_bowl,
          nrook_loot_triangle, uniq_natasha
D:4:      kennysheep_little_box, gammafunk_temple_overflow_elements,
          uniq_duvessa, uniq_menkaure, uniq_blork_the_orc, uniq_grinder
Sewer:    sewer_big_baddie
